 Dungeon Crawl Stone Soup version 0.28-a0-8-g6e044cfa68 (webtiles) character file.

Game seed: 9034333363912074563

7 Herr the Ruffian (level 1, 22/22 HPs)
             Began as a Troll Monk on July 24, 2021.
             Got out of the dungeon alive.
             The game lasted 00:01:14 (458 turns).

Herr the Ruffian (Troll Monk)                        Turns: 458, Time: 00:01:15

Health: 22/22      AC:  4    Str: 18    XL:     1   Next: 83%
Magic:  0/0        EV: 10    Int:  6    God:
Gold:   19         SH:  0    Dex: 12    Spells: 0/0 levels left

rFire   . . .      SeeInvis .     - Unarmed
rCold   . . .      Faith    .   (no shield)
rNeg    . . .      Spirit   .   a - +0 robe
rPois   .          Reflect  .   (helmet restricted)
rElec   .          Harm     .   (no cloak)
rCorr   .          Rampage  .   (gloves unavailable)
Will    .....                   (boots unavailable)
Stlth   ++........              (no amulet)
HPRegen 1.07/turn               (no ring)
MPRegen 0.07/turn               (no ring)

@: no status effects
A: large, unfitting armour, claws 3, regeneration 1, shaggy fur 1, tough skin 1
a: no special abilities


You escaped.
You visited 1 branch of the dungeon, and saw 1 of its levels.

You collected 19 gold pieces.

Inventory:

Armour
 a - a +0 robe (worn)
 b - a +0 pair of boots


   Skills:
 + Level 2.6 Fighting
 + Level 2.5 Dodging
 + Level 1.0 Stealth
 + Level 3.2 Unarmed Combat


You couldn't memorise any spells.
You didn't know any spells.
Your spell library was empty.

Dungeon Overview and Level Annotations

Branches:
Dungeon (1/15)

Altars:


Innate Abilities, Weirdness & Mutations

You are too large for most types of armour.
You have claws for hands.
Your natural rate of healing is unusually fast.
You are covered in fur. (AC +1)
You have tough skin. (AC +1)


Message History

The quokka bites you but does no damage.
The quokka barely misses you. The bat hits you.
You closely miss the quokka. The bat closely misses you.
The bat hits you but does no damage. The quokka barely misses you. x2
You barely miss the quokka. The bat hits you but does no damage.
The quokka bites you but does no damage.
You closely miss the quokka. The bat hits you but does no damage.
The quokka closely misses you.
You scratch the quokka.
The quokka is severely wounded.
The quokka closely misses you.
There are monsters nearby!
Number of times to repeat, then command key: You must enter the number of times for the command to repeat.
Unknown command.
The bat barely misses you. The bat hits you but does no damage.
The bat hits you but does no damage.
There are monsters nearby!
The bat hits you but does no damage. The bat misses you.
The bat barely misses you.
You barely miss the bat. The bat barely misses you.
You closely miss the bat. The bat hits you but does no damage.
The quokka barely misses you. The quokka misses you.
You claw the bat!
You kill the bat!
The quokka closely misses you. The quokka misses you. The quokka bites you.
You scratch the quokka.
You kill the quokka!
No target in view!
You see here a quokka corpse.
HP restored.
Things that are here:
a +0 club; a goblin skeleton You see here a hobgoblin skeleton.
There is a staircase leading out of the dungeon here.
Are you sure you want to leave the Dungeon?
This will make you lose the game!
You have escaped!

### ##.## ###
##.#.## ##.####
##.###.###.#.#.#
##.#####.#.###.##
#.####.##.######
.####.#.#####.####
####.###.###.#.#@#
###.## ##.#.###.##
.#.## ##.## ###
#.## ### ###


There were no monsters in sight!

Vanquished Creatures
  A bat (D:1)
  An endoplasm (D:1)
  A hobgoblin (D:1)
  A quokka (D:1)
  A goblin (D:1)
  A rat (D:1)
6 creatures vanquished.

Notes
Turn   | Place    | Note
-------+----------+-------------------------------------------
     0 | D:1      | Herr the Troll Monk began the quest for the Orb.
     0 | D:1      | Reached XP level 1. HP: 22/22 MP: 0/0
   458 | D:$      | Got out of the dungeon alive.

Illustrated notes

Levels and vault maps discovered:
D:1:      nagdon_arrival_zigzag_paths, layout_loops_ring, serial_bayou_pond_d,
          serial_bayou_lagoon_a

Action                   || total
-------------------------++-------
Melee: Unarmed           ||    25
Armor: Robe              ||   211
Dodge: Dodged            ||   343

Table legend: (Time is in decaauts)
 A = Elapsed time spent in this place.
 B = Non-inter-level travel time spent in this place.
 C = Inter-level travel time spent in this place.
 D = Time resting spent in this place.
 E = Time spent auto-exploring this place.
 F = Levels seen in this place.
 G = Mean time per level.
                   A        B        C        D        E       F      G
               +--------+--------+--------+--------+--------+-----+--------+
         Total |    456 |    416 |     40 |      0 |     98 |   1 |  456.0 |
       Dungeon |    456 |    416 |     40 |      0 |     98 |   1 |  456.0 |
               +--------+--------+--------+--------+--------+-----+--------+

Top non-repeatable levels by time:
     D:1: 456 daAuts
